 Dungeon Crawl Stone Soup version 0.17.1-3-g152610e (webtiles) character file.

134 juanjsm the Stinger (level 4, -8/21 HPs)
             Began as a Spriggan Venom Mage on Apr 8, 2016.
             Was an Initiate of Vehumet.
             Killed by divine providence
             ... invoked by an orc priest
              (12 damage)
             ... on level 5 of the Dungeon.
             The game lasted 00:13:35 (1870 turns).

juanjsm the Stinger (Spriggan Venom Mage)           Turns: 1870, Time: 00:13:36

Health: -8/21      AC:  2    Str:  4    XL:     4   Next: 95%
Magic:  10/10      EV: 22    Int: 17    God:    Vehumet [......]
Gold:   81         SH:  0    Dex: 16    Spells: 4 memorised, 0 levels left

rFire  . . .     SeeInvis +     (weapon restricted)
rCold  . . .     Clarity  .     a - +0 robe
rNeg   . . .     SustAt   .     (shield restricted)
rPois  .         Gourm    .     (helmet restricted)
rElec  .         Spirit   .     (no cloak)
rCorr  .         Warding  .     (gloves unavailable)
rMut   .         Stasis   .     (boots unavailable)
MR     .....                    (no amulet)
Stlth  +++.......               q - ring of flight
                                l - +3 ring of evasion

@: very quick, not resistant to hostile enchantments, fairly stealthy
A: unfitting armour, see invisible, herbivore 3, speed 3, slow metabolism 2
a: Renounce Religion, Evoke Flight


You were on level 5 of the Dungeon.
You worshipped Vehumet.
Vehumet was noncommittal.
You were not hungry.

You visited 2 branches of the dungeon, and saw 6 of its levels.

You collected 81 gold pieces.

Inventory:

Hand Weapons
 p - a +0 whip of freezing
Armour
 a - a +0 robe (worn)
Jewellery
 l - a +3 ring of evasion (left hand)
 q - a ring of flight (right hand)
Scrolls
 d - 2 scrolls of enchant armour {unknown}
 g - a scroll of recharging {unknown}
 i - a scroll of remove curse {unknown}
 o - a scroll of amnesia {unknown}
 r - 2 scrolls of fear {unknown}
Potions
 h - a potion of ambrosia
 j - 2 potions of magic
 k - 2 potions of haste
 m - a potion of brilliance {unknown}
Books
 b - a Young Poisoner's Handbook

   Spells                             Type                      Level
   a - Sting                          Conjuration/Poison           1
   b - Cure Poison                    Poison                       2
   c - Mephitic Cloud                 Conjuration/Poison/Air       3
   d - Olgreb's Toxic Radiance        Poison                       4
   e - Venom Bolt                     Conjuration/Poison           5
Comestibles
 c - 2 bread rations
 n - a slice of pizza


   Skills:
 + Level 4.0 Dodging
 + Level 4.1 Stealth
 + Level 3.6 Spellcasting
 + Level 1.2 Conjurations
 + Level 4.8 Poison Magic


You couldn't memorise any spells.
You knew the following spells:

 Your Spells              Type           Power        Failure   Level  Hunger
a - Sting                 Conj/Pois      ##..         6%          1    None
b - Cure Poison           Pois           ###.......   3%          2    ##.....
c - Mephitic Cloud        Conj/Pois/Air  #.......     24%         3    ###....
d - Olgreb's Toxic Radia  Pois           ###.....     24%         4    ####...


Dungeon Overview and Level Annotations

Branches:
Dungeon (5/15)             Temple (1/1) D:5

Altars:
Ashenzari
Fedhas
Gozag
Kikubaaqudgha
Nemelex Xobeh
Qazlal
Vehumet
Zin
The Shining One


Innate Abilities, Weirdness & Mutations

You are tiny and cannot use many weapons and most armour.
You have supernaturally acute eyesight.
You are a herbivore.
You cover ground extremely quickly.
You need consume almost no food.


Message History

The hound barely misses you. The orc closely misses you.
The hound closely misses you. The orc closely misses you.
The orc wizard gestures wildly while chanting.
The orc wizard seems to speed up.
The orc wizard casts a spell.
The orc wizard blinks!
You see here 12 poisoned needles.
The orc wizard closely misses you. The orc wizard completely misses you.
You see here a scroll labeled UFOTIYXUOD.
The orc wizard casts a spell at you. The magic dart hits you!
* * * LOW HITPOINT WARNING * * *
The phantom blinks!
You see here a jackal corpse.
The orc priest invokes the aid of Beogh against you.
Something smites you!
Ouch! That really hurt!
You die...

.. ♣.≈P ?Z. ♣♣≈P #.#
♣♣♣♣♣≈♣ #.#
##♣♣P≈♣≈≈≈ #.#
#..≈...≈≈≈ #.#
#(♣P≈♣♣≈≈≈
##.#####.♣♣♣♣♣♣≈♣
#########..........♣
♣.P
.......@....#######
P.♣ # #.#..##..†..#
♣≈♣ #.##.##.##.##o##
♣.≈ #.#.........#.#
(# #....WW.......#
#.#..⌠...⌠..#.#
#.#......h.o#.#
#......>...o..#
#.#...(....§#.#


You could see a hound, an orc priest, an orc wizard and an orc.

Vanquished Creatures
  A scorpion (D:5)
  A worker ant (D:4)
  4 adders
  An ooze (D:4)
  A worm (D:4)
  2 orcs
  3 giant cockroaches
  2 hobgoblins
  6 jackals
  3 kobolds
  4 bats
  3 goblins
  A rat (D:2)
32 creatures vanquished.

Notes
Turn   | Place    | Note
--------------------------------------------------------------
     0 | D:1      | juanjsm the Spriggan Venom Mage began the quest for the Orb.
     0 | D:1      | Reached XP level 1. HP: 9/9 MP: 5/5
   185 | D:2      | Reached XP level 2. HP: 8/13 MP: 1/6
   195 | D:2      | Learned a level 2 spell: Cure Poison
   225 | D:2      | Found a glowing golden altar of the Shining One.
   483 | D:4      | Reached XP level 3. HP: 13/16 MP: 0/8
   488 | D:4      | Learned a level 3 spell: Mephitic Cloud
  1045 | D:5      | Entered Level 5 of the Dungeon
  1246 | D:5      | Noticed a scorpion
  1272 | D:5      | Killed a scorpion
  1272 | D:5      | Reached skill level 1 in Conjurations
  1272 | D:5      | Reached XP level 4. HP: 21/21 MP: 3/10
  1571 | D:5      | Found a staircase to the Ecumenical Temple.
  1573 | D:5      | Noticed a phantom
  1598 | Temple   | Entered the Ecumenical Temple
  1731 | Temple   | Became a worshipper of Vehumet
  1838 | Temple   | Learned a level 4 spell: Olgreb's Toxic Radiance
  1870 | D:5      | Killed from afar by an orc priest

Action                   |  1- 3 |  4- 6 || total
-------------------------+-------+-------++-------
Melee: Unarmed           |    22 |    24 ||    46
 Cast: Sting             |    54 |    16 ||    70
       Mephitic Cloud    |     1 |     2 ||     3
  Use: Scroll            |       |     4 ||     4
 Stab: Sleeping          |     3 |       ||     3
